Map: Tropic Shores

Players

Bitcoin

  • Race: Zerg Zerg
  • Spawn Location: 6:00

Athalius

  • Race: Zerg Zerg
  • League: Platinum
  • Spawn Location: 6:00

JaySlays

  • Race: Protoss Protoss
  • Spawn Location: 5:00

Wolf

  • Race: Terran Terran
  • League: Diamond
  • Spawn Location: 5:00

MarineKing

  • Race: Terran Terran
  • Spawn Location: 12:00

kaiserIV

  • Race: Protoss Protoss
  • Spawn Location: 0:00

Zero

  • Race: Zerg Zerg
  • Spawn Location: 11:00

DRock

  • Race: Protoss Protoss
  • League: Platinum
  • Spawn Location: 12:00

VOD

Have the link to the VOD?

Description

Time

  • Played on: April 16, 2018, 10:07 p.m.
  • Length: 11:26
Show
View Real Time Build Order
Export as new Build Order

Bitcoin Zerg 

Build Orders: Hatch First 

Get SALT Encoding   

  12  0:01  Drone  
  13  0:08  Drone  
  14  0:43  Overlord  
  14  0:44  Hatchery  
  14  0:47  Drone  
  14  1:02  Drone x2  
  16  1:05  Drone  
  17  1:20  Drone  
  17  1:22  Spawning Pool  
  17  1:27  Drone  
  18  1:37  Drone  
  19  1:48  Drone  
  20  1:58  Drone  
  20  1:59  Drone  
  22  2:07  Overlord  
  22  2:10  Queen  
  22  2:11  Queen  
  22  2:15  Drone  
  27  2:20  Drone  
  28  2:32  Roach Warren  
  28  2:35  Drone x3  
  30  2:38  Extractor  
  29  2:45  Extractor  
  29  2:46  Drone x2  
  29  2:47  Extractor  
  29  2:54  Overlord  
  29  2:57  Drone  
  30  3:10  Drone x2  
  32  3:20  Drone x2  
  32  3:21  Drone  
  32  3:25  Roach x4  
  43  3:31  Overlord x2  
  43  3:39  Overlord  
  43  3:41  Drone  
  44  4:07  Spine Crawler  
  44  4:09  Spine Crawler  
  42  4:10  Spine Crawler  
  42  4:12  Roach  
  42  4:13  Roach x4  
  51  4:17  Drone x2  
  51  4:19  Drone  
  52  4:42  Roach  
  52  4:43  Roach x5  
  56  4:56  Roach  
  56  4:57  Roach x3  
  44  5:34  Roach x4  
  42  5:50  Roach  
  42  5:51  Roach x2  
  31  6:33  Roach  
  31  6:34  Roach x5  
  31  6:38  Extractor, Lair  
  42  6:43  Spore Crawler  
  42  6:45  Spore Crawler  
  40  6:47  Roach  
  34  7:42  Spore Crawler  
  33  7:51  Roach x6  
  39  8:51  Spire  
  28  9:32  Hatchery  
  25  9:42  Overlord  
  26  9:56  Metabolic Boost  
  26  10:10  Overlord x5  
  26  10:27  Mutalisk x6  
  26  10:28  Mutalisk x3  
  44  10:41  Overlord x2  
  44  10:42  Zergling x4  
Show
View Real Time Build Order
Export as new Build Order

Athalius Zerg 

Build Orders: Pool First 

Get SALT Encoding   

  12  0:01  Drone  
  13  0:11  Drone  
  14  0:24  Extractor  
  13  0:30  Spawning Pool  
  12  0:36  Drone  
  12  0:37  Drone  
  14  0:50  Overlord  
  14  1:10  Drone x3  
  17  1:18  Queen  
  19  1:42  Drone  
  19  1:44  Drone  
  21  1:48  Hatchery  
  21  1:54  Drone x2  
  22  2:00  Metabolic Boost  
  22  2:08  Overlord  
  22  2:26  Zergling x2  
  22  2:27  Zergling x4  
  25  2:30  Zergling x2  
  26  2:37  Extractor, Overlord  
  25  2:55  Lair  
  25  2:59  Evolution Chamber  
  25  3:00  Drone x2  
  25  3:03  Drone x3  
  29  3:14  Drone  
  29  3:18  Queen  
  32  3:28  Drone x2  
  32  3:31  Drone  
  35  3:36  Drone  
  35  3:38  Drone  
  37  3:48  Overlord  
  37  3:53  Pneumatized Carapace  
  37  3:54  Drone  
  37  3:55  Drone  
  39  4:11  Hydralisk Den  
  39  4:12  Zerg Ground Armor Level 1  
  39  4:16  Drone  
  39  4:17  Evolution Chamber  
  39  4:19  Drone x2  
  39  4:21  Drone  
  41  4:30  Spore Crawler  
  40  4:36  Spore Crawler  
  39  4:40  Spore Crawler  
  39  4:43  Spore Crawler  
  37  4:47  Spine Crawler  
  37  4:48  Spine Crawler  
  37  4:50  Drone x2  
  37  5:02  Hydralisk x2  
  41  5:16  Muscular Augments  
  41  5:19  Hydralisk x3  
  43  5:32  Hydralisk  
  43  5:33  Hydralisk x2  
  49  5:44  Drone  
  49  5:47  Zerg Missile Weapons Level 1  
  50  5:50  Drone x2  
  50  5:52  Overlord x2  
  52  6:00  Burrow  
  52  6:11  Hydralisk  
  46  6:45  Hydralisk x4  
  50  6:49  Zergling x8  
  54  7:01  Hydralisk  
  54  7:07  Extractor  
  51  7:09  Hydralisk  
  51  7:10  Extractor  
  49  7:19  Drone x2  
  45  7:24  Hydralisk x2  
  43  7:34  Spore Crawler  
  42  7:38  Spore Crawler  
  42  7:39  Hydralisk  
  41  7:50  Hydralisk x2  
  43  7:52  Drone  
  43  7:53  Drone x4  
  46  8:05  Hydralisk x2  
  45  8:22  Drone x4  
  49  8:33  Drone x3  
  52  8:38  Overlord  
  52  8:43  Zerg Ground Armor Level 2  
  52  8:47  Grooved Spines  
  52  8:53  Hatchery  
  51  8:56  Queen x2  
  51  9:01  Overlord  
  55  9:13  Hydralisk  
  55  9:14  Hydralisk  
  59  9:41  Hydralisk x4  
  67  9:52  Overlord x2  
  67  10:10  Overlord  
  67  10:11  Overlord  
  67  10:13  Hydralisk x2  
  67  10:14  Hydralisk x2  
  75  10:23  Hydralisk x2  
  78  10:32  Hydralisk x2  
  75  10:47  Hydralisk x3  
  75  10:48  Hydralisk  
  76  10:53  Drone x2  
Show
View Real Time Build Order
Export as new Build Order

JaySlays Protoss 

Build Orders: Dark Templar Rush 

Get SALT Encoding   

  12  0:01  Probe  
  13  0:13  Probe  
  14  0:21  Pylon  
  14  0:25  Probe  
  15  0:38  Assimilator  
  15  0:40  Probe (Chrono Boost)  
  16  0:47  Gateway  
  16  0:52  Probe (Chrono Boost)  
  17  1:00  Probe (Chrono Boost)  
  18  1:06  Probe  
  19  1:13  Pylon  
  19  1:19  Probe (Chrono Boost)  
  19  1:20  Assimilator  
  20  1:29  Probe (Chrono Boost)  
  21  1:36  Probe, Cybernetics Core  
  22  2:04  Nexus  
  22  2:07  Probe  
  23  2:19  Twilight Council  
  23  2:31  Robotics Facility  
  23  2:33  Warp Gate (Chrono Boost)  
  23  2:57  Dark Shrine  
  23  3:07  Gateway x2  
  23  3:10  Probe  
  24  3:21  Warp Prism (Chrono Boost)  
  26  3:34  Pylon  
  26  3:36  Probe (Chrono Boost)  
  26  3:39  Probe (Chrono Boost)  
  28  3:47  Probe (Chrono Boost)  
  29  4:01  Probe x2  
  31  4:06  Gateway  
  31  4:13  Probe x2  
  33  4:29  Dark Templar  
  33  4:30  Dark Templar x2  
  39  5:07  Dark Templar  
  39  5:08  Dark Templar x2  
  45  5:28  Dark Templar  
  43  5:47  Dark Templar  
  37  5:50  Zealot x2  
  41  6:02  Zealot  
  38  6:24  Zealot x3  
  38  6:25  Zealot  
  38  6:28  Immortal (Chrono Boost)  
  38  6:32  Gateway  
  42  6:34  Gateway  
  42  6:35  Gateway  
  42  6:45  Zealot x3  
  42  6:46  Zealot  
  48  6:59  Forge  
  32  7:09  Zealot x4  
  32  7:12  Immortal (Chrono Boost)  
  44  7:33  Stalker  
  44  7:34  Stalker  
  48  7:37  Photon Cannon  
  48  7:39  Photon Cannon  
  48  7:40  Probe, Pylon  
  49  7:58  Stalker  
  51  8:10  Stalker x3  
  49  8:32  Protoss Ground Weapons Level 1  
  51  8:34  Probe x2 (Chrono Boost)  
  51  8:40  Assimilator  
  51  8:43  Probe (Chrono Boost)  
  51  8:44  Probe (Chrono Boost)  
  51  8:46  Zealot x2  
  57  8:55  Robotics Facility  
  57  9:02  Zealot x2  
  55  9:12  Charge (Chrono Boost)  
  55  9:18  Dark Templar  
  45  9:38  Immortal  
  47  9:51  Immortal  
  52  9:52  Probe  
  52  9:53  Probe  
  52  9:58  Zealot  
  55  10:04  Probe  
  55  10:05  Probe  
  55  10:24  Zealot  
  55  10:25  Zealot x4  
  41  10:40  Zealot x2  
  37  10:49  Dark Templar  
  25  10:59  Zealot  
  20  11:12  Zealot  
  20  11:14  Zealot  
Show
View Real Time Build Order
Export as new Build Order

Wolf Terran 

Build Orders:  

Get SALT Encoding   

  12  0:01  SCV  
  13  0:13  SCV  
  14  0:18  Supply Depot  
  14  0:25  SCV  
  15  0:40  SCV  
  15  0:41  Barracks  
  16  0:52  SCV  
  17  0:59  Refinery  
  17  1:07  Barracks  
  17  1:08  SCV  
  18  1:20  SCV  
  19  1:29  Marine  
  19  1:32  SCV  
  21  1:33  Supply Depot  
  21  1:44  SCV  
  22  1:47  Barracks Reactor  
  22  1:54  Barracks Tech Lab  
  22  1:57  SCV  
  22  2:01  Refinery  
  23  2:09  SCV  
  24  2:15  Marine  
  25  2:23  Marine x2  
  25  2:27  Stimpack  
  27  2:30  SCV  
  28  2:38  Marine  
  28  2:41  Marine x2  
  31  2:47  Orbital Command  
  31  3:01  Command Center  
  31  3:15  Supply Depot  
  31  3:16  Marine x3  
  34  3:28  SCV  
  35  3:40  SCV  
  36  3:43  Factory  
  36  3:52  Marine x3, SCV  
  40  4:01  Engineering Bay  
  40  4:11  Marine x2, Marauder  
  44  4:26  Factory Tech Lab  
  44  4:29  Marine x2  
  44  4:30  Terran Infantry Weapons Level 1  
  36  4:53  Marine x2, Marauder  
  33  5:10  Marine  
  33  5:11  Marine  
  33  5:13  Siege Tank  
  38  5:14  Marine  
  39  5:28  Marine x2  
  39  5:30  Barracks  
  39  5:32  Marauder  
  43  5:37  Barracks  
  43  5:52  Marine  
  43  5:53  Marine  
  43  5:54  Marauder  
  46  6:10  Marine  
  41  6:17  Marine x2  
  43  6:23  Barracks Reactor  
  43  6:25  Terran Infantry Armor Level 1  
  43  6:35  Marauder  
  38  6:44  Marine x2  
  38  6:45  Marine  
  38  6:46  Siege Tank  
  37  6:51  Bunker  
  37  6:56  Marine, Missile Turret x2  
  37  7:00  Marine  
  39  7:02  Marine x2  
  39  7:07  Marine  
  42  7:13  Marine  
  43  7:18  Marauder  
  45  7:26  Supply Depot  
  45  7:31  Marine  
  45  7:32  Marine x2  
  45  7:33  Barracks Tech Lab  
  45  7:36  Marine  
  49  7:53  Siege Tank  
  49  7:55  Marine x2  
  43  8:36  Marine x3  
  43  8:37  Marine x2  
  43  8:38  Marauder  
  50  8:54  Marine  
  50  8:55  Marauder  
  53  8:59  Marine x3  
  53  9:00  Marine  
  57  9:14  Siege Tank  
  52  9:31  Marine x3  
  47  9:59  Marine x2, Marauder x2  
  34  10:28  Siege Tank  
  34  10:31  Marine x3  
  36  10:44  Marine x2  
  36  10:46  Marine  
Show
View Real Time Build Order
Export as new Build Order

MarineKing Terran 

Build Orders: Cyclone Opening, Mech 

Get SALT Encoding   

  12  0:00  SCV  
  13  0:13  SCV  
  14  0:21  Supply Depot  
  14  0:25  SCV  
  15  0:30  Refinery  
  15  0:43  SCV  
  15  0:47  Barracks  
  16  0:55  SCV  
  17  1:07  SCV  
  17  1:09  Refinery  
  18  1:19  SCV  
  20  1:34  Orbital Command  
  20  1:37  Factory  
  19  1:47  Barracks Reactor  
  19  2:02  SCV  
  20  2:11  Supply Depot  
  20  2:15  SCV  
  21  2:32  Cyclone x2  
  21  2:36  Supply Depot  
  27  2:42  SCV  
  28  2:55  SCV  
  28  2:56  Factory  
  29  3:04  Cyclone  
  32  3:13  Supply Depot  
  32  3:15  Cyclone  
  35  3:21  SCV  
  36  3:39  Cyclone  
  40  3:41  SCV  
  40  3:43  Barracks Tech Lab  
  40  3:48  Supply Depot  
  40  4:02  Cyclone  
  43  4:12  Supply Depot  
  43  4:17  Cyclone  
  43  4:24  Command Center  
  43  4:46  Cyclone  
  40  4:55  Siege Tank  
  40  5:07  Engineering Bay  
  34  5:47  Orbital Command  
  31  5:50  Cyclone x2  
  31  5:51  Cyclone  
  40  5:57  SCV  
  41  6:08  Refinery x2  
  41  6:09  SCV  
  42  6:22  Cyclone  
  45  6:37  SCV x2  
  47  6:46  Hellion x2  
  48  6:47  Factory  
  48  6:48  Factory  
  48  6:49  SCV x2  
  51  7:01  SCV x2  
  51  7:04  Missile Turret  
  46  7:09  Missile Turret  
  46  7:13  SCV x2  
  45  7:18  Siege Tank  
  48  7:31  Factory Tech Lab  
  48  7:33  Factory Tech Lab  
  48  7:42  Hellion x2  
  52  7:45  SCV  
  52  7:51  Siege Tank  
  56  7:59  Hellion  
  56  8:01  Armory  
  56  8:02  Armory  
  58  8:06  Siege Tank  
  58  8:08  SCV  
  62  8:14  Hellion  
  62  8:16  Hellion  
  66  8:20  Supply Depot, Siege Tank  
  67  8:52  Command Center  
  67  8:58  SCV x2  
  67  9:02  Terran Vehicle Weapons Level 1  
  69  9:04  Command Center  
  69  9:10  SCV  
  69  9:14  Hellion x2  
  64  9:27  Siege Tank x2  
  64  9:38  Siege Tank  
  67  9:39  Hellion  
  69  9:47  SCV x2  
  71  9:59  SCV  
  72  10:00  Factory  
  72  10:03  Factory  
  69  10:30  Thor  
  85  11:13  Factory Tech Lab x2  
Show
View Real Time Build Order
Export as new Build Order

kaiserIV Protoss 

Build Orders: 1 Gate Expand, Phoenix Opening 

Get SALT Encoding   

  12  0:04  Probe  
  13  0:16  Probe  
  14  0:25  Pylon  
  14  0:28  Probe  
  15  0:43  Probe (Chrono Boost)  
  16  0:52  Gateway  
  16  0:53  Probe (Chrono Boost), Assimilator  
  17  0:58  Probe (Chrono Boost)  
  18  1:09  Probe (Chrono Boost)  
  19  1:21  Probe (Chrono Boost)  
  20  1:27  Probe (Chrono Boost)  
  20  1:31  Nexus  
  21  1:37  Probe  
  22  1:45  Cybernetics Core  
  22  1:49  Assimilator  
  22  1:53  Pylon  
  22  1:56  Probe  
  23  2:13  Probe (Chrono Boost)  
  24  2:19  Probe (Chrono Boost)  
  24  2:22  Assimilator  
  25  2:27  Probe  
  26  2:38  Stargate  
  26  2:45  Stargate  
  26  2:47  Probe (Chrono Boost)  
  26  2:49  Probe (Chrono Boost)  
  29  2:59  Probe (Chrono Boost)  
  29  3:02  Pylon  
  29  3:04  Probe (Chrono Boost)  
  29  3:05  Probe (Chrono Boost)  
  30  3:11  Probe  
  32  3:13  Probe  
  33  3:23  Probe  
  33  3:25  Probe  
  35  3:29  Phoenix (Chrono Boost)  
  39  3:35  Probe  
  39  3:37  Probe, Phoenix (Chrono Boost)  
  41  3:46  Phoenix (Chrono Boost)  
  41  3:47  Probe  
  44  3:50  Probe, Assimilator  
  44  3:54  Phoenix (Chrono Boost)  
  47  3:59  Probe  
  48  4:12  Pylon  
  48  4:15  Pylon, Phoenix x2 (Chrono Boost)  
  52  4:19  Forge  
  52  4:34  Phoenix x2  
  51  5:02  Oracle x2 (Chrono Boost)  
  53  5:09  Photon Cannon  
  53  5:12  Photon Cannon  
  53  5:18  Photon Cannon  
  53  5:19  Photon Cannon  
  53  5:23  Pylon  
  52  5:50  Probe (Chrono Boost)  
  53  5:59  Pylon  
  53  6:01  Probe (Chrono Boost), Photon Cannon  
  54  6:05  Probe (Chrono Boost)  
  55  6:13  Nexus  
  55  6:15  Photon Cannon  
  55  6:17  Probe, Oracle x2  
  62  6:29  Probe  
  63  7:24  Probe  
  64  7:36  Probe  
  65  7:48  Probe  
  66  8:00  Probe  
  65  8:24  Probe  
  65  8:25  Probe  
  67  8:30  Nexus  
  67  8:33  Pylon  
  67  8:35  Assimilator  
  67  8:37  Probe (Chrono Boost)  
  67  8:40  Assimilator  
  69  8:42  Probe (Chrono Boost)  
  69  8:46  Probe (Chrono Boost)  
  70  8:50  Probe (Chrono Boost), Fleet Beacon  
  70  8:51  Probe (Chrono Boost)  
  70  8:53  Stargate  
  72  8:57  Stargate  
  72  9:00  Probe, Stargate  
  73  9:03  Probe  
  74  9:13  Probe  
  75  9:21  Protoss Air Weapons Level 1 (Chrono Boost)  
  75  9:24  Probe  
  75  9:25  Probe  
  77  9:35  Photon Cannon  
  77  9:36  Probe (Chrono Boost), Photon Cannon  
  79  9:42  Probe (Chrono Boost), Carrier x2  
  79  9:43  Carrier  
  98  9:46  Probe (Chrono Boost)  
  98  9:51  Probe (Chrono Boost)  
  98  9:52  Probe (Chrono Boost)  
  99  9:57  Probe (Chrono Boost)  
  101  10:10  Pylon  
  101  10:14  Pylon  
  101  10:19  Pylon  
  101  10:20  Pylon  
  101  10:21  Pylon  
  101  10:28  Probe x2  
  101  10:32  Probe  
Show
View Real Time Build Order
Export as new Build Order

Zero Zerg 

Build Orders: Hatch First 

Get SALT Encoding   

  12  0:06  Drone  
  13  0:15  Overlord  
  13  0:19  Drone  
  14  0:36  Drone x2  
  14  0:41  Drone  
  17  0:58  Hatchery  
  16  1:06  Drone  
  16  1:09  Drone, Extractor  
  17  1:16  Drone  
  18  1:22  Spawning Pool  
  17  1:29  Drone  
  18  1:42  Drone  
  18  1:44  Overlord  
  19  2:02  Drone  
  20  2:09  Queen  
  20  2:14  Queen  
  24  2:16  Drone  
  24  2:17  Zergling x2  
  24  2:18  Zergling x2  
  27  2:32  Roach Warren  
  27  2:33  Metabolic Boost  
  27  2:35  Drone  
  28  2:37  Drone  
  28  2:53  Drone  
  29  2:59  Overlord x2  
  29  3:04  Extractor  
  28  3:06  Lair  
  28  3:10  Drone  
  28  3:11  Drone  
  30  3:13  Drone  
  30  3:40  Drone x4  
  34  3:41  Roach x2  
  34  3:42  Roach  
  34  3:47  Roach x2  
  34  3:48  Roach  
  46  4:07  Overlord x3  
  46  4:12  Extractor  
  46  4:14  Extractor  
  46  4:15  Drone x3  
  46  4:16  Drone x2  
  49  4:23  Roach  
  51  4:40  Roach  
  51  4:41  Roach x4  
  61  4:48  Drone  
  61  4:49  Drone x4  
  65  5:10  Spore Crawler  
  65  5:12  Spine Crawler  
  65  5:13  Spore Crawler  
  62  5:16  Overseer  
  62  5:20  Spore Crawler  
  61  5:23  Spine Crawler  
  61  5:25  Spine Crawler  
  61  5:27  Overseer  
  59  5:30  Roach x3  
  65  5:39  Overseer  
  63  6:13  Roach x6  
  59  7:05  Ravager x3  
  62  7:12  Evolution Chamber x2  
  62  7:13  Hydralisk Den  
  62  7:14  Drone  
  62  7:15  Drone x5  
  63  7:16  Drone  
  63  7:17  Drone x6  
  63  7:39  Ravager  
  63  7:40  Ravager x5  
  63  7:42  Roach x2  
  63  7:43  Roach  
  51  8:34  Hydralisk x5, Roach  
  51  8:35  Hydralisk, Roach x5  
  75  8:42  Zerg Ground Armor Level 1, Zerg Missile Weapons Level 1  
  75  8:45  Grooved Spines  
  75  8:47  Glial Reconstitution  
  75  9:16  Overlord  
  75  9:17  Overlord x8  
  75  9:19  Overseer  
  75  9:23  Burrow  
  75  9:25  Pneumatized Carapace  
  75  9:27  Hatchery  
  74  9:48  Hydralisk x3  
  74  9:49  Roach x4  
  88  9:54  Hatchery  
  88  9:57  Muscular Augments  
  87  10:06  Tunneling Claws  
  83  10:28  Hydralisk x10  
  81  10:31  Zergling x2  
  90  10:47  Hydralisk  
  90  10:48  Hydralisk, Roach x3  
  98  10:59  Hydralisk  
  98  11:00  Roach x2  
  104  11:05  Drone x2  
  106  11:12  Drone  
Show
View Real Time Build Order
Export as new Build Order

DRock Protoss 

Build Orders:  

Get SALT Encoding   

  12  0:02  Probe  
  13  0:15  Probe  
  14  0:27  Probe  
  15  0:31  Pylon  
  15  0:48  Assimilator  
  15  0:49  Pylon  
  15  0:50  Probe (Chrono Boost)  
  16  1:02  Probe (Chrono Boost)  
  17  1:06  Gateway  
  17  1:10  Probe (Chrono Boost)  
  18  1:17  Probe  
  19  1:25  Assimilator  
  19  1:29  Probe  
  20  1:41  Probe  
  21  1:53  Probe  
  21  1:54  Cybernetics Core  
  22  2:07  Zealot  
  24  2:11  Pylon  
  24  2:24  Warp Gate (Chrono Boost)  
  24  2:33  Gateway  
  24  2:34  Gateway  
  24  2:37  Gateway  
  24  2:41  Forge  
  24  2:47  Stalker  
  26  3:03  Pylon  
  26  3:11  Protoss Shields Level 1 (Chrono Boost)  
  26  3:20  Adept  
  28  3:37  Stalker x3  
  34  3:50  Pylon  
  34  4:23  Stalker x3  
  40  4:25  Stalker  
  36  4:51  Stalker x2  
  36  4:52  Stalker x2  
  42  5:37  Adept x3  
  42  5:38  Adept  
  50  5:49  Protoss Ground Weapons Level 1 (Chrono Boost)  
  50  5:52  Robotics Facility  
  30  6:49  Stalker  
  30  6:50  Stalker x3  
  38  7:00  Observer (Chrono Boost)  
  39  7:13  Immortal (Chrono Boost)  
  39  7:28  Nexus  
  37  7:36  Stalker x3  
  43  7:38  Adept  
  43  7:39  Protoss Ground Armor Level 1 (Chrono Boost)  
  45  7:50  Twilight Council  
  45  7:58  Pylon  
  39  8:17  Stalker  
  39  8:18  Stalker  
  39  8:19  Sentry  
  39  8:35  Stalker  
  41  8:48  Probe (Chrono Boost)  
  43  8:53  Probe (Chrono Boost)  
  43  8:58  Probe (Chrono Boost)  
  43  9:02  Probe (Chrono Boost)  
  45  9:03  Probe (Chrono Boost)  
  46  9:12  Protoss Ground Weapons Level 2 (Chrono Boost)  
  34  9:41  Stalker x3  
  34  9:44  Stalker  
  42  9:51  Probe x2  
  44  10:03  Probe x2  
  42  10:15  Probe x2  
  42  10:38  Stalker x4  
  48  11:00  Pylon  
  48  11:01  Assimilator  
  48  11:03  Assimilator  
Tags
 
Add a new tag
Caveats
  • Supply blocks, unpowered buildings, or Contaminate may cause inaccurate times.
  • Supply counts are checked every 10 seconds.